AoeStats
← 10GS | Irænko

Arabia

508792978Analyzed
1v1 RM · 8d ago on Sep 24, 2026· 39m 32s· 2 players
Game mode
Random Map
Map size
Tiny (2 player)
Population
200
Speed
Normal
Resources
Standard
Victory
Conquest
Starting age
Dark Age
Ending age
Imperial Age
RankedLock teamsTeams togetherTeam positionsShared explorationLock speedFull tech treeHidden civsTurbo modeCheats
Victory
Defeat
🇨🇳 Vietnamese · China
994
+15
🇨🇱 Cumans · Chile
982
-15
10GS | Irænko
3:22 Loom
9:53 Feudal Age
11:27 Double-Bit Axe
12:47 Town Watch
19:20 Fletching
20:23 Horse Collar
27:46 Castle Age
27:32 Wheelbarrow
27:55 Forging
29:24 Bloodlines
29:56 Bodkin Arrow
30:08 Scale Barding Armor
30:04 Elite Skirmisher
31:22 Stone Mining
31:26 Gold Mining
31:52 Steppe Husbandry
33:30 Chain Barding Armor
33:51 Bow Saw
35:13 Town Patrol
38:10 Murder Holes
38:35 Ballistics
嘎嘎以嘎嘎
0:56 Loom
11:30 Feudal Age
12:27 Double-Bit Axe
14:21 Wheelbarrow
17:47 Fletching
20:02 Horse Collar
25:03 Castle Age
23:03 Gold Mining
23:29 Stone Mining
25:20 Crossbowman
26:11 Bodkin Arrow
26:18 Padded Archer Armor
26:24 Elite Skirmisher
28:14 Leather Archer Armor
28:11 Pikeman
30:06 Thumb Ring
34:27 Bow Saw
34:20 Heavy Plow
36:18 Ballistics
36:09 Masonry
Connection lost

Rejoining the realm…

Still unreachable

The connection could not be restored.

Session expired

The server has moved on; the page needs a fresh start.